 Dungeon Crawl Stone Soup version 0.27.1 (webtiles) character file.

Game seed: 12327077186762126402

2 MajorAdolf the Sneak (level 1, -3/19 HPs)
             Began as a Naga Wanderer on Sept 2, 2021.
             Frozen to death by an endoplasm (5 damage)
             ... on level 1 of the Dungeon on Sept 3, 2021.
             The game lasted 00:00:24 (96 turns).

MajorAdolf the Sneak (Naga Wanderer)                  Turns: 96, Time: 00:00:25

Health: -3/19      AC:  1    Str: 13    XL:     1   Next: 40%
Magic:  1/1        EV:  9    Int: 12    God:
Gold:   0          SH:  0    Dex: 11    Spells: 0/0 levels left

rFire    . . .     SeeInvis +   a - +2 dagger
rCold    . . .     Faith    .   (no shield)
rNeg     . . .     Spirit   .   f - +0 robe
rPois    +         Reflect  .   (no helmet)
rElec    .         Harm     .   (no cloak)
rCorr    .         Rampage  .   (no gloves)
Will     .....                  (no barding)
Stlth    +++.......             (no amulet)
HPRegen  0.06/turn              (no ring)
MPRegen  0.07/turn              (no ring)

@: short of breath, very slow
A: AC +0, large, see invisible, deformed body, poison resistance, slowness 2,
spit poison 1, naga tail 1
a: Spit Poison


You were on level 1 of the Dungeon.
You visited 1 branch of the dungeon, and saw 1 of its levels.

Inventory:

Hand Weapons
 a - a +2 dagger (weapon)
 c - a +0 hand crossbow
Missiles
 d - 25 bolts
Armour
 f - a +0 robe (worn)
Scrolls
 b - a scroll of fear
 e - a scroll of teleportation


   Skills:
 + Level 2.0 Fighting
 + Level 1.0 Crossbows
 + Level 1.5 Armour
 + Level 6.1 Stealth
 + Level 1.0 Evocations


You couldn't memorise any spells.
You didn't know any spells.
Your spell library was empty.

Dungeon Overview and Level Annotations

Branches:
Dungeon (1/15)

Altars:


Innate Abilities, Weirdness & Mutations

Your serpentine skin is tough. (AC +0)
You have supernaturally acute eyesight. (SInv)
Armour fits poorly on your strangely shaped body.
Your system is resistant to poisons. (rPois)
You cover ground very slowly.
You can spit poison.
You have a snake-like lower body.


Message History

Press: ? - help, Shift-Dir - straight line, f/p - hobgoblin
Aim: a hobgoblin The splash of poison misses the hobgoblin.
The splash of poison hits the goblin!
The goblin is poisoned.
You kill the goblin!
The hobgoblin closely misses you.
Your Stealth skill increases to level 6!
The hobgoblin hits you.
You have got your breath back.
The hobgoblin closely misses you.
Press: ? - help, Shift-Dir - straight line, f/p - hobgoblin
Aim: a hobgoblin The splash of poison misses the hobgoblin.
The hobgoblin hits you.
Unknown command.
You hit the hobgoblin.
The hobgoblin is severely wounded.
The endoplasm closely misses you. The hobgoblin barely misses you.
You hit the hobgoblin.
You kill the hobgoblin!
The endoplasm barely misses you.
You have got your breath back.
The endoplasm hits you.
There is an open door here.
You barely miss the endoplasm. The endoplasm freezes you.
You are frozen.
* * * LOW HITPOINT WARNING * * *
You barely miss the endoplasm. The endoplasm completely misses you.
You aren't carrying any potions.
Unknown command.
Okay, then.
Okay, then.
Press: ? - help, Shift-Dir - straight line, f - endoplasm
Aim: an endoplasm The splash of poison hits the endoplasm.
The endoplasm is moderately wounded.
The endoplasm freezes you.
You are frozen.
You die...

#.......... #..........
#.......... #.........
#........
###############.....#
...###################..##
...g#...J.........)......#
...##.###@##############.#
..#.#..............#..).
.#.#.############.#.#.#
#.#.#.#..........#.#.#
#.#.#.#.########.#.#.#
#.#.#.#.#......#.#.#.#
#.#.#.#.#.#.##.#.#.#.###
#.#.#.#.#.#.<#.#.#.#?..#
#g#.#.#.#....#.#.#.#....


You could see an endoplasm and a goblin.

Vanquished Creatures
  A goblin (D:1)
  A hobgoblin (D:1)
2 creatures vanquished.

Notes
Turn   | Place    | Note
-------+----------+-------------------------------------------
     0 | D:1      | MajorAdolf the Naga Wanderer began the quest for the Orb.
     0 | D:1      | MajorAdolf set off with the following items: a +2 dagger, a
                  | scroll of fear, a +0 hand crossbow, 25 bolts, a scroll of
                  | teleportation, a +0 robe
     0 | D:1      | Reached XP level 1. HP: 19/19 MP: 1/1
    83 | D:1      | Reached skill level 6 in Stealth
    96 | D:1      | Frozen to death by an endoplasm

Illustrated notes

Levels and vault maps discovered:
D:1:      zelgadis_glass_arrival_large, layout_rooms, serial_shops,
          shop_fountains, minmay_misc_feat_diagonals, grunt_decor_one_mirror,
          st_stairs_12, minmay_misc_feat_pillars

Skill      XL: |  1 |
---------------+----+-----
Stealth        | 6 |  6.1
Fighting       | |  2.0
Crossbows      | |  1.0
Armour         | |  1.5
Evocations     | |  1.0

Action                   || total
-------------------------++-------
Melee: Dagger            ||     4
 Abil: Spit Poison       ||     5
Armor: Robe              ||     1
Dodge: Dodged            ||     9
